[Event "Titled Tuesday Blitz July 4 Late 2023"]
[White "MKlose11"]
[Black "Garcia Cuenca, Victor"]
[BlackFideId "2250829"]
[WhiteElo "2651"]
[BlackElo "2322"]
[Result "1-0"]
[Round "2"]
[TimeControl "180+2"]
[Date "2023.07.04"]
[WhiteClock "0:00:03"]
[BlackClock "0:00:02"]
[Board "77"]

1. e4 e6 2. Nf3 c5 3. e5 Nc6 4. d3 Qc7 5. Bf4 Nge7 6. Bg3 Nf5 7. Qe2 h5 8. Nc3 a6 9. Bf4 Be7 10. h4 b5 11. Nd1 Bb7 12. Ne3 Ncd4 13. Nxd4 Nxd4 14. Qd2 d6 15. exd6 Bxd6 16. Bxd6 Qxd6 17. O-O-O O-O-O 18. Rh3 Kb8 19. Rg3 g6 20. Rg5 Rc8 21. Kb1 Rhd8 22. Be2 Qf4 23. c3 Nxe2 24. Qxe2 Qxh4 25. Rg3 Rd7 26. Nc2 Rcd8 27. Qe5+ Rc7 28. d4 Be4 29. Rh3 Bxc2+ 30. Kxc2 Qxf2+ 31. Rd2 Qf5+ 32. Qxf5 exf5 33. dxc5 Rxd2+ 34. Kxd2 Rxc5 35. Re3 Rc7 36. Re8+ Kb7 37. Ke3 Kc6 38. Kf4 Kd7 39. Ra8 Rc4+ 40. Ke5 Rc6 41. Ra7+ Ke8 42. Kd5 Re6 43. b3 f4 44. c4 bxc4 45. bxc4 g5 46. c5 Re2 47. c6 Rd2+ 48. Ke5 Rxg2 49. Ra8+ Ke7 50. c7 Rc2 51. c8=Q Rxc8 52. Rxc8 f3 53. Rc7+ Kd8 54. Rc2 g4 55. Kf4 f5 56. Kg3 Ke7 57. Rc6 a5 58. Rh6 f4+ 59. Kf2 Kf7 60. Rxh5 Kg6 61. Rxa5 1-0


[Site "https://www.chess.com"]

[Event "Titled Tuesday Blitz July 4 Late 2023"]
[White "Dylag, Emilia"]
[Black "Hilary46"]
[WhiteFideId "21805172"]
[WhiteElo "2311"]
[BlackElo "2647"]
[Result "0-1"]
[Round "2"]
[TimeControl "180+2"]
[Date "2023.07.04"]
[WhiteClock "0:00:39"]
[BlackClock "0:01:47"]
[Board "78"]

1. d4 d5 2. c4 c6 3. Nf3 Nf6 4. g3 e6 5. Qc2 dxc4 6. Qxc4 b5 7. Qc2 Bb7 8. Bg2 Nbd7 9. O-O c5 10. a4 b4 11. dxc5 Bxc5 12. a5 Rc8 13. Qd1 O-O 14. Bf4 Qe7 15. a6 Ba8 16. Nbd2 Rfd8 17. Bg5 h6 18. Bxf6 Nxf6 19. Qa4 Bc6 20. Qb3 Bb5 21. Rfe1 Ng4 22. Ne4 Bb6 23. h3 Bc6 24. hxg4 Bxe4 25. Rac1 Qd6 26. Rxc8 Rxc8 27. Rd1 Qxg3 28. Rf1 Qxg4 0-1


[Site "https://www.chess.com"]

[Event "Titled Tuesday Blitz July 4 Late 2023"]
[White "Popilski, Gil"]
[Black "Gerbelli Neto, Eduardo"]
[WhiteFideId "2809060"]
[BlackFideId "2103281"]
[WhiteElo "2638"]
[BlackElo "2308"]
[Result "1-0"]
[Round "2"]
[TimeControl "180+2"]
[Date "2023.07.04"]
[WhiteClock "0:00:16"]
[BlackClock "0:00:07"]
[Board "79"]

1. Nc3 Nf6 2. e4 e5 3. f4 d5 4. fxe5 Nxe4 5. Qf3 f5 6. d3 Nxc3 7. bxc3 d4 8. Ne2 Nc6 9. Nf4 Nxe5 10. Qe2 Qe7 11. cxd4 Ng6 12. Kf2 Qxe2+ 13. Bxe2 Bd6 14. Bh5 Kf7 15. Rb1 b6 16. Bf3 Rb8 17. Bd5+ Kf8 18. Ne6+ Bxe6 19. Bxe6 f4 20. Re1 Re8 21. Bb2 Ke7 22. d5 Bc5+ 23. Kf1 Kf8 24. Re4 Bd6 25. Rbe1 h5 26. g3 fxg3 27. hxg3 h4 28. Kg2 hxg3 29. Rf1+ Ke7 30. Bf7+ Kd8 31. Rxe8+ Rxe8 32. Bxe8 Kxe8 33. Bxg7 Ke7 34. Bf6+ Kd7 35. Bg5 Ne5 36. d4 Nc4 37. Rf7+ Ke8 38. Rh7 a5 39. c3 Na3 40. Bh4 Nb1 41. c4 Nc3 42. Bxg3 Bxg3 43. Kxg3 Ne2+ 44. Kf3 Nxd4+ 45. Ke4 Nc2 46. Rxc7 1-0


[Site "https://www.chess.com"]

[Event "Titled Tuesday Blitz July 4 Late 2023"]
[White "Cluke86"]
[Black "Ganiev, Roman"]
[BlackFideId "4131452"]
[WhiteElo "2306"]
[BlackElo "2637"]
[Result "0-1"]
[Round "2"]
[TimeControl "180+2"]
[Date "2023.07.04"]
[WhiteClock "0:00:07"]
[BlackClock "0:00:13"]
[Board "80"]

1. e4 c5 2. Nc3 d6 3. f4 g6 4. Nf3 Bg7 5. Bc4 e6 6. O-O Nc6 7. d3 Nge7 8. Qe1 O-O 9. f5 gxf5 10. Bg5 f6 11. exf5 fxg5 12. Bxe6+ Bxe6 13. Qxe6+ Kh8 14. Nxg5 Bd4+ 15. Kh1 Rf6 16. Qe4 Qg8 17. Qh4 Raf8 18. g4 d5 19. Rf3 Ne5 20. Rh3 h6 21. Ne2 Bf2 22. Qh5 Nf7 23. Ne6 Rc8 24. N2f4 d4 25. Rf1 Be3 26. Rff3 Bxf4 27. Nxf4 Qg5 28. Ng6+ Nxg6 29. fxg6 Qxh5 30. gxh5 Rxf3 31. Rxf3 Ng5 32. Rf5 Kg7 33. Rd5 Rc7 34. Rd6 b6 35. Kg2 Re7 36. h4 Ne6 37. Rd5 Nf4+ 38. Kf3 Nxd5 0-1


[Site "https://www.chess.com"]

[Event "Titled Tuesday Blitz July 4 Late 2023"]
[White "Kostiukov, Alexandr"]
[Black "Di Berardino, Diego Rafael"]
[WhiteFideId "14108100"]
[BlackFideId "2105446"]
[WhiteElo "2301"]
[BlackElo "2632"]
[Result "1/2-1/2"]
[Round "2"]
[TimeControl "180+2"]
[Date "2023.07.04"]
[WhiteClock "0:00:23"]
[BlackClock "0:00:08"]
[Board "81"]

1. g3 d5 2. Bg2 c6 3. d3 Nf6 4. e4 dxe4 5. dxe4 Qxd1+ 6. Kxd1 e5 7. f3 Be6 8. Be3 a5 9. a4 Na6 10. Nd2 Bc5 11. Bxc5 Nxc5 12. Bh3 Bxh3 13. Nxh3 Ke7 14. Ke2 Rhd8 15. Nc4 Nfd7 16. Nf2 f6 17. Rhd1 Nf8 18. Rxd8 Kxd8 19. f4 Nfd7 20. Ke3 Kc7 21. fxe5 Nxe5 22. Nxe5 fxe5 23. Ng4 Nd7 24. Rf1 h5 25. Nf2 Rf8 26. Rd1 Nc5 27. Nd3 Nxd3 28. cxd3 c5 29. Ke2 Kc6 30. Rc1 Rf7 31. Rc2 g5 32. Rc1 g4 33. b3 b5 34. Ke3 Rf3+ 35. Ke2 Rf7 36. Ke3 Kb6 37. Ke2 Kc6 1/2-1/2


[Site "https://www.chess.com"]

[Event "Titled Tuesday Blitz July 4 Late 2023"]
[White "Spichkin, Alexander"]
[Black "Skatchkov, Valery"]
[WhiteFideId "4144074"]
[BlackFideId "24195812"]
[WhiteElo "2283"]
[BlackElo "2632"]
[Result "0-1"]
[Round "2"]
[TimeControl "180+2"]
[Date "2023.07.04"]
[WhiteClock "0:00:58"]
[BlackClock "0:00:37"]
[Board "82"]

1. f4 d5 2. Nf3 g6 3. e3 Bg7 4. Be2 Nh6 5. O-O O-O 6. d3 c5 7. Qe1 Qb6 8. e4 dxe4 9. dxe4 Bxb2 10. Bxb2 Qxb2 11. Qc3 Qxc3 12. Nxc3 Nc6 13. Nd5 Ng4 14. e5 Be6 15. Nc7 Ne3 16. Rfc1 Rac8 17. Nxe6 fxe6 18. Kf2 Nd5 19. g3 h6 20. Rab1 b6 21. Ba6 Rcd8 22. Bb5 Nd4 23. Nxd4 cxd4 24. Bc4 Kf7 25. Rb3 Nc3 26. Ra3 Rc8 27. Bd3 Rc7 28. g4 g5 29. fxg5 hxg5 30. Kg3 Kg7 31. h4 gxh4+ 32. Kxh4 Rf3 33. g5 Nd5 34. Kg4 Re3 35. Rh1 Rxc2 36. Rh7+ Kg8 37. Bxc2 Rxa3 38. g6 Ne3+ 39. Kg5 Nxc2 40. Rxe7 Rg3+ 41. Kf6 Rf3+ 42. Kxe6 d3 43. Rd7 Nb4 44. a3 Nc6 45. Kd6 Nd4 46. e6 d2 47. e7 Nf5+ 48. Ke6 Ng7+ 49. Ke5 Re3+ 50. Kf6 Re6+ 51. Kg5 Rxe7 52. Rxd2 Re5+ 53. Kf6 Re6+ 54. Kg5 Re3 55. Rd7 Ne6+ 56. Kf6 Nf8 57. Rxa7 Re6+ 58. Kf5 Rxg6 59. Rb7 Re6 60. Rb8 Kf7 61. Rb7+ Kg8 62. Rb8 Rh6 63. Ke5 Kf7 64. Kd5 Ke7 65. Kc4 Nd7 66. Rg8 Kd6 67. Kb5 Rh5+ 68. Kb4 Kc7 69. Rg7 Rh4+ 70. Kb5 Rh3 71. a4 Rh5+ 72. Kb4 Rd5 73. Rh7 Kc6 74. Rh6+ Kb7 75. Rh7 Ka6 76. Rg7 Nb8 77. Rg8 Nc6+ 78. Kc4 Rd4+ 79. Kb3 Na5+ 80. Ka3 Rd3+ 81. Ka2 Kb7 82. Rg6 Nc4 83. Rh6 Ra3+ 84. Kb1 Rxa4 85. Kc2 Na5 86. Kb2 Ka6 87. Rg6 Rc4 88. Ka3 Rc6 89. Kb4 Rxg6 0-1


[Site "https://www.chess.com"]

[Event "Titled Tuesday Blitz July 4 Late 2023"]
[White "Domingo Nunez, Ruben"]
[Black "Bullen, Alex"]
[WhiteFideId "22245570"]
[BlackFideId "1801627"]
[WhiteElo "2628"]
[BlackElo "2271"]
[Result "0-1"]
[Round "2"]
[TimeControl "180+2"]
[Date "2023.07.04"]
[WhiteClock "0:01:02"]
[BlackClock "0:00:50"]
[Board "84"]

1. Nf3 d5 2. g3 Nd7 3. d4 Nb6 4. a4 a5 5. Bg2 c6 6. Nc3 Bf5 7. Nh4 Bg6 8. Nxg6 hxg6 9. e4 dxe4 10. Nxe4 Nf6 11. Nxf6+ exf6 12. O-O Bd6 13. Re1+ Kf8 14. b3 Qd7 15. c4 Bb4 16. Re3 Rd8 17. Bb2 Nc8 18. Qf3 Nd6 19. Rd1 Nf5 20. Red3 Qc7 21. h4 Bd6 22. Bh3 Nxh4 23. gxh4 Rxh4 24. Bg2 Bh2+ 25. Kf1 Rf4 26. Qh3 Kg8 27. d5 cxd5 28. Rxd5 Re8 29. Qd7 Rxf2+ 30. Kxf2 Qg3+ 31. Kf1 Qf4+ 0-1


[Site "https://www.chess.com"]

[Event "Titled Tuesday Blitz July 4 Late 2023"]
[White "Karttunen, Mika"]
[Black "Sanchez, Robert"]
[WhiteFideId "502081"]
[BlackFideId "2034360"]
[WhiteElo "2622"]
[BlackElo "2197"]
[Result "1/2-1/2"]
[Round "2"]
[TimeControl "180+2"]
[Date "2023.07.04"]
[WhiteClock "0:00:12"]
[BlackClock "0:00:15"]
[Board "85"]

1. e4 e6 2. d4 d5 3. Nc3 Nf6 4. e5 Nfd7 5. f4 c5 6. Nf3 Nc6 7. Be3 Be7 8. Qd2 a6 9. dxc5 Bxc5 10. Nd4 Nxd4 11. Bxd4 b5 12. Qf2 Qe7 13. Bd3 Bxd4 14. Qxd4 Nc5 15. O-O O-O 16. f5 Nxd3 17. cxd3 exf5 18. Nxd5 Qd8 19. Qc5 Be6 20. Ne7+ Kh8 21. d4 Re8 22. Nc6 Qd7 23. Qd6 Qb7 24. d5 Bd7 25. Rac1 Bxc6 26. dxc6 Qb6+ 27. Kh1 Qe3 28. c7 Rac8 29. Rfe1 Qf4 30. Qd7 h6 31. b3 Kh7 32. Rf1 Qxe5 33. Qxf5+ Qxf5 34. Rxf5 Re7 35. Rfc5 Kg6 36. Rc6+ Re6 37. R6c5 Kf6 38. Kg1 Ke7 39. R1c2 Kd7 40. Rd5+ Rd6 41. Rdc5 b4 42. Kf2 f6 43. Ke3 Ke6 44. R2c4 Rd5 45. Rc6+ Rd6 46. Ke4 Rxc6 47. Rxc6+ Kd7 48. Rxa6 Rxc7 49. Ra4 Rc2 50. g4 Rxh2 51. Kf5 Ke7 52. Ra7+ Kd6 53. Kg6 Rg2 54. Kxg7 Rxg4+ 55. Kxf6 h5 56. Rh7 Rg2 57. Rxh5 Rxa2 58. Rb5 Ra3 59. Rxb4 Kc5 60. Rb8 Ra5 61. Ke5 Rb5 62. Rxb5+ Kxb5 63. Kd4 Kb4 64. Kd3 Kxb3 1/2-1/2


[Site "https://www.chess.com"]

[Event "Titled Tuesday Blitz July 4 Late 2023"]
[White "Osmonbekov, Talaibek"]
[Black "Filgueira, Hernan"]
[WhiteFideId "2017253"]
[BlackFideId "101770"]
[WhiteElo "2150"]
[BlackElo "2617"]
[Result "0-1"]
[Round "2"]
[TimeControl "180+2"]
[Date "2023.07.04"]
[WhiteClock "0:00:00"]
[BlackClock "0:00:45"]
[Board "86"]

1. d4 d6 2. Bf4 Nd7 3. Nf3 Ngf6 4. Nc3 Nh5 5. e3 Nxf4 6. exf4 g6 7. h4 Nf6 8. Be2 Bg7 9. Qd2 c6 10. O-O-O Qa5 11. Kb1 Be6 12. Ng5 Bf5 13. f3 h6 14. g4 Bd7 15. Nge4 b5 16. Rde1 b4 17. Nxf6+ Bxf6 18. Ne4 Bg7 19. h5 Be6 20. b3 c5 21. d5 Bd7 22. a4 O-O-O 23. hxg6 fxg6 24. Qd3 Kb8 25. Bd1 Bxa4 26. bxa4 Qxa4 27. c3 b3 28. Rh2 Ka8 29. Rb2 c4 30. Qe3 Rb8 31. Nd2 Rb6 32. Kc1 Rc8 33. Nb1 Rc7 34. Qe6 Qe8 35. Kd2 Qf8 36. Ke2 g5 37. f5 Bf6 38. Kf2 a5 39. Kg2 a4 40. Na3 Qb8 41. Qe3 Rc5 42. Be2 Qc7 43. Rd1 Rb8 44. Qe4 Rc8 0-1


[Site "https://www.chess.com"]

[Event "Titled Tuesday Blitz July 4 Late 2023"]
[White "Sun, Rick"]
[Black "Mangialardo, Tiago Carvalho"]
[WhiteFideId "30909481"]
[BlackFideId "2130718"]
[WhiteElo "2614"]
[BlackElo "2118"]
[Result "1/2-1/2"]
[Round "2"]
[TimeControl "180+2"]
[Date "2023.07.04"]
[WhiteClock "0:00:07"]
[BlackClock "0:00:02"]
[Board "87"]

1. d4 Nf6 2. Nc3 c5 3. d5 g6 4. e4 d6 5. Nf3 Bg7 6. a4 O-O 7. Be2 e6 8. O-O exd5 9. exd5 h6 10. Re1 Re8 11. h3 Nbd7 12. Bf4 Ne5 13. Nxe5 dxe5 14. Be3 b6 15. a5 Bb7 16. Bc4 Re7 17. a6 Bc8 18. Nb5 Ne8 19. d6 Rd7 20. Qf3 Rb8 21. Red1 Kh7 22. Bxf7 Nxd6 23. Nxd6 Rxd6 24. Rxd6 Qxd6 25. Rd1 Qe7 26. Bc4 Bf5 27. Rd2 e4 28. Qf4 Rd8 29. c3 Rxd2 30. Bxd2 Qd7 31. g4 Be6 32. Bxe6 Qxe6 33. Qc7 Qd5 34. Bf4 Qd1+ 35. Kh2 Qf3 36. Bg3 h5 37. Qxa7 e3 38. Qe7 exf2 39. Bxf2 Qxf2+ 40. Kh1 Qf1+ 41. Kh2 Qf2+ 42. Kh1 hxg4 43. hxg4 Qf1+ 44. Kh2 Qf2+ 45. Kh3 Qf3+ 46. Kh2 Qf2+ 47. Kh1 Qf1+ 48. Kh2 Qf2+ 1/2-1/2


[Site "https://www.chess.com"]

[Event "Titled Tuesday Blitz July 4 Late 2023"]
[White "Curtis, John"]
[Black "Janaszak, Dawid"]
[WhiteFideId "3200256"]
[BlackFideId "1119206"]
[WhiteElo "2115"]
[BlackElo "2608"]
[Result "0-1"]
[Round "2"]
[TimeControl "180+2"]
[Date "2023.07.04"]
[WhiteClock "0:00:06"]
[BlackClock "0:00:23"]
[Board "88"]

1. d4 d5 2. Nf3 c5 3. dxc5 Nc6 4. e4 d4 5. c3 e5 6. Bb5 Bxc5 7. Nxe5 Ne7 8. O-O O-O 9. Nxc6 Nxc6 10. Qh5 Qb6 11. Bxc6 bxc6 12. b4 Bd6 13. Nd2 Ba6 14. Re1 dxc3 15. Nf3 Bxb4 16. Rb1 Qa5 17. Qxa5 Bxa5 18. Rb3 Bc4 19. Ra3 Bb4 20. Ra4 a5 21. Ba3 Rab8 22. Bxb4 axb4 23. Ne5 Bb5 24. Rxb4 Ra8 25. Rb3 Rfe8 26. Nf3 c2 27. a3 Rxe4 28. Rxe4 c1=Q+ 29. Re1 Qc2 30. Rbe3 h6 31. h3 Qb2 32. Re8+ Rxe8 33. Rxe8+ Kh7 34. Ra8 Qc1+ 35. Kh2 Qf4+ 36. Kg1 Bc4 37. a4 Bd5 38. a5 c5 39. Rc8 Bxf3 40. gxf3 c4 41. a6 Qc1+ 42. Kg2 Qa3 43. a7 Qxa7 44. Rxc4 Qb7 45. Rg4 f6 46. Kg3 h5 47. Re4 g5 48. h4 f5 49. Rc4 g4 50. fxg4 hxg4 51. Rc3 Kg6 52. f3 Qb8+ 53. Kg2 Qb2+ 0-1


[Site "https://www.chess.com"]

[Event "Titled Tuesday Blitz July 4 Late 2023"]
[White "Domingo Nunez, Alejandro"]
[Black "Gyulamiryan-koryun"]
[WhiteFideId "22245561"]
[WhiteElo "2607"]
[BlackElo "1722"]
[Result "1-0"]
[Round "2"]
[TimeControl "180+2"]
[Date "2023.07.04"]
[WhiteClock "0:00:51"]
[BlackClock "0:00:57"]
[Board "89"]

1. Nf3 Nf6 2. g3 g6 3. b3 Bg7 4. Bb2 O-O 5. Bg2 Re8 6. O-O c6 7. c4 e6 8. d4 d5 9. Nbd2 Nbd7 10. Qc2 Nb6 11. Rad1 a5 12. e4 a4 13. e5 Nfd7 14. c5 axb3 15. axb3 Ra2 16. cxb6 Qxb6 17. Ra1 Ra5 18. Rxa5 Qxa5 19. Ra1 Qb6 20. Ba3 Qb5 21. Bf1 Qb6 22. Bd6 f6 23. b4 fxe5 24. dxe5 Qd8 25. b5 c5 26. Bxc5 Nxe5 27. Nxe5 Bxe5 28. Re1 Bf6 29. Nb3 b6 30. Ba3 Bb7 31. Bg2 Qd7 32. Qd3 Rc8 33. Nd4 e5 34. Nc6 Rxc6 35. bxc6 Bxc6 36. Rd1 d4 37. Qc4+ Kg7 38. Qxc6 Qg4 39. Bf3 Qf5 40. Qc7+ Kh6 41. Bf8+ Kg5 42. h4# 1-0


[Site "https://www.chess.com"]

[Event "Titled Tuesday Blitz July 4 Late 2023"]
[White "Nakamura, Hikaru"]
[Black "marik_spb"]
[WhiteFideId "2016192"]
[WhiteElo "3177"]
[BlackElo "2500"]
[Result "1-0"]
[Round "2"]
[TimeControl "180+2"]
[Date "2023.07.04"]
[WhiteClock "0:02:29"]
[BlackClock "0:01:08"]
[Board "90"]

1. Nf3 Nf6 2. b3 g6 3. Bb2 Bg7 4. d4 O-O 5. e3 d5 6. c4 c6 7. Bd3 Ne4 8. Nbd2 Bf5 9. Qc2 Nxd2 10. Qxd2 Nd7 11. Bxf5 gxf5 12. h3 e6 13. g4 Qf6 14. Ke2 dxc4 15. bxc4 Nb6 16. Qc2 Rfd8 17. gxf5 exf5 18. Rhg1 Kf8 19. Rg5 f4 20. Rag1 Bh6 21. Ba3+ Ke8 22. Qe4+ Kd7 23. Rf5 Qe6 24. Rxf7+ Qxf7 25. Ne5+ Kc7 26. Nxf7 1-0


[Site "https://www.chess.com"]

[Event "Titled Tuesday Blitz July 4 Late 2023"]
[White "Belov, Alexei"]
[Black "Paravyan, David"]
[WhiteFideId "4128206"]
[BlackFideId "4194985"]
[WhiteElo "2518"]
[BlackElo "2972"]
[Result "0-1"]
[Round "2"]
[TimeControl "180+2"]
[Date "2023.07.04"]
[WhiteClock "0:00:53"]
[BlackClock "0:02:00"]
[Board "91"]

1. e4 e5 2. Nf3 Nf6 3. Nxe5 d6 4. Nf3 Nxe4 5. Qe2 Qe7 6. d3 Nf6 7. Bg5 Qxe2+ 8. Bxe2 Be7 9. Nc3 c6 10. O-O-O O-O 11. Rhe1 h6 12. Bd2 Re8 13. h3 Na6 14. Nd4 Bf8 15. Bf3 Bd7 16. Ne4 Nxe4 17. dxe4 Nc5 18. Bb4 Rad8 19. Bxc5 dxc5 20. Nf5 Be6 21. Ne3 Rd4 22. c3 Rxd1+ 23. Rxd1 Bxa2 24. c4 b5 25. Rd3 bxc4 26. Rb3 g6 27. Ra3 Bb3 28. Rxa7 Rd8 29. Rc7 Bg7 30. Rxc6 Ra8 31. Nc2 Ra2 32. Rxc5 Bxb2+ 33. Kb1 Bc3 0-1


[Site "https://www.chess.com"]

[Event "Titled Tuesday Blitz July 4 Late 2023"]
[White "Luong Phuong Hanh"]
[Black "Bordi, Kevin"]
[WhiteFideId "12401013"]
[BlackFideId "621862"]
[WhiteElo "2457"]
[BlackElo "2871"]
[Result "0-1"]
[Round "2"]
[TimeControl "180+2"]
[Date "2023.07.04"]
[WhiteClock "0:00:02"]
[BlackClock "0:00:28"]
[Board "92"]

1. d4 d5 2. c4 c6 3. Nf3 Nf6 4. Qc2 g6 5. Bf4 Bf5 6. Qb3 Qb6 7. e3 Nbd7 8. Nc3 Bg7 9. h3 O-O 10. c5 Qxb3 11. axb3 a6 12. b4 Ne4 13. g4 Nxc3 14. gxf5 Ne4 15. fxg6 fxg6 16. Bd3 Rae8 17. Bxe4 dxe4 18. Nd2 Bxd4 19. O-O-O Bxc5 20. Nxe4 Bd6 21. Nxd6 exd6 22. Rxd6 Nf6 23. Bh6 Rf7 24. f3 Nd5 25. e4 Nxb4 26. Rf1 c5 27. f4 Nc6 28. e5 Rxe5 29. fxe5 Rxf1+ 30. Kd2 Kf7 31. Rd7+ Ke6 32. Rxb7 Nxe5 33. Rxh7 Rf2+ 34. Kc3 Rf3+ 35. Kc2 Rxh3 36. Rh8 Nf7 37. Re8+ Kd7 38. Ra8 Nxh6 39. Rxa6 Rg3 40. Ra7+ Kc6 41. Rh7 Nf5 42. Kb1 Nd4 43. Ka2 g5 44. Rg7 g4 45. b3 Nxb3 46. Ka3 Nd4+ 47. Ka4 Kd5 48. Rg5+ Kc4 49. Rg8 Rg1 50. Ka5 g3 51. Kb6 g2 0-1


[Site "https://www.chess.com"]

[Event "Titled Tuesday Blitz July 4 Late 2023"]
[White "Baches Garcia, Guillermo"]
[Black "Goltsev, Dmitry"]
[WhiteFideId "2209764"]
[BlackFideId "24176710"]
[WhiteElo "2467"]
[BlackElo "2823"]
[Result "0-1"]
[Round "2"]
[TimeControl "180+2"]
[Date "2023.07.04"]
[WhiteClock "0:00:09"]
[BlackClock "0:01:35"]
[Board "93"]

1. e4 e6 2. d4 d5 3. exd5 exd5 4. Nf3 Nf6 5. Bd3 c5 6. O-O Nc6 7. Re1+ Be6 8. Ng5 Nxd4 9. c3 Nc6 10. Nxe6 fxe6 11. Rxe6+ Be7 12. Nd2 O-O 13. Nf3 Qd7 14. Bf5 Qc7 15. Bg5 Rad8 16. Qe2 d4 17. Re1 Bd6 18. Bxf6 Rxf6 19. Rxf6 gxf6 20. Qe4 Ne5 21. cxd4 cxd4 22. Nxd4 Re8 23. Qd5+ Kh8 24. Nb5 Nf3+ 25. gxf3 Rxe1+ 26. Kg2 Qg7+ 27. Bg4 Be5 28. Qd2 Rb1 29. Nd4 Qg5 30. Qc2 Qc1 31. Qe4 Qf1# 0-1


[Site "https://www.chess.com"]

[Event "Titled Tuesday Blitz July 4 Late 2023"]
[White "Buchenau, Frank"]
[Black "Leitao, Rafael"]
[WhiteFideId "4604350"]
[BlackFideId "2101246"]
[WhiteElo "2431"]
[BlackElo "2780"]
[Result "0-1"]
[Round "2"]
[TimeControl "180+2"]
[Date "2023.07.04"]
[WhiteClock "0:00:00"]
[BlackClock "0:00:10"]
[Board "94"]

1. e4 e5 2. Bc4 Nc6 3. Nf3 Nf6 4. d3 d5 5. exd5 Nxd5 6. O-O Nb6 7. Bb3 Bg4 8. Re1 Qe7 9. h3 Bh5 10. Nc3 O-O-O 11. Be3 f5 12. g4 fxg4 13. Ng5 Kb8 14. Ne6 Qh4 15. Bg5 Qxh3 16. Re3 g3 17. Rxg3 Qxg3+ 18. fxg3 Bxd1 19. Nxd8 Nxd8 20. Rxd1 Nc6 21. Rf1 Bc5+ 22. Kg2 Rf8 23. Rxf8+ Bxf8 24. Nd5 Nd4 25. Nxb6 axb6 26. Bg8 h6 27. Bd2 Nxc2 28. Kf3 Nd4+ 29. Ke4 Bd6 30. Bc3 Ne2 31. g4 g6 32. Bf7 Nf4 33. Bxe5 Bxe5 34. Kxe5 Nxd3+ 35. Kf6 Nf2 36. Be6 h5 0-1


[Site "https://www.chess.com"]

[Event "Titled Tuesday Blitz July 4 Late 2023"]
[White "Koc, Przemyslaw"]
[Black "Weetik, Vjacheslav"]
[WhiteFideId "1109081"]
[BlackFideId "4153472"]
[WhiteElo "2445"]
[BlackElo "2738"]
[Result "0-1"]
[Round "2"]
[TimeControl "180+2"]
[Date "2023.07.04"]
[WhiteClock "0:01:41"]
[BlackClock "0:00:54"]
[Board "95"]

1. d4 Nf6 2. Nf3 g6 3. Bg5 Bg7 4. Nbd2 d5 5. e3 O-O 6. Bd3 Nbd7 7. O-O c5 8. c3 Re8 9. b4 c4 10. Bc2 h6 11. Bh4 a5 12. b5 a4 13. a3 Qa5 14. Nb1 Qxb5 15. Nbd2 Qa5 16. Rc1 Qxc3 17. Bxg6 Qxa3 18. Bb1 c3 19. Bxf6 Nxf6 20. e4 cxd2 21. Nxd2 dxe4 22. Nxe4 Nxe4 23. Bxe4 Qd6 24. d5 a3 25. Qb3 a2 26. Qb5 Bd7 27. Qxb7 a1=Q 0-1


[Site "https://www.chess.com"]

[Event "Titled Tuesday Blitz July 4 Late 2023"]
[White "Goryachkina, Aleksandra"]
[Black "krucki03"]
[WhiteFideId "4147103"]
[WhiteElo "2727"]
[BlackElo "2405"]
[Result "1/2-1/2"]
[Round "2"]
[TimeControl "180+2"]
[Date "2023.07.04"]
[WhiteClock "0:00:04"]
[BlackClock "0:00:09"]
[Board "96"]

1. e4 c5 2. Nf3 d6 3. d4 cxd4 4. Nxd4 Nf6 5. Nc3 g6 6. Be3 Bg7 7. f3 O-O 8. Bc4 Nc6 9. Bb3 Bd7 10. Qd2 Rc8 11. O-O-O Nxd4 12. Bxd4 b5 13. Nd5 Nxd5 14. Bxd5 a5 15. Bxg7 Kxg7 16. Qd4+ Kg8 17. a3 b4 18. axb4 axb4 19. Bb3 Qa5 20. h4 Be6 21. Bxe6 fxe6 22. Kd2 e5 23. Qd3 Qa2 24. Qb3+ Qxb3 25. cxb3 Rc5 26. Rc1 Rfc8 27. Rxc5 Rxc5 28. Ra1 Kf7 29. Ra8 Rb5 30. Kd3 Rc5 31. Kd2 Rb5 32. g4 h6 33. Ra7 Kf6 34. Ra4 Ke6 35. Ra8 Kf6 36. Kd3 Rc5 37. Kd2 Rb5 38. Rf8+ Kg7 39. Ra8 Kf6 1/2-1/2


[Site "https://www.chess.com"]

[Event "Titled Tuesday Blitz July 4 Late 2023"]
[White "Lizak, Peter"]
[Black "Lalanne, Pablo"]
[WhiteFideId "731595"]
[BlackFideId "112151"]
[WhiteElo "2672"]
[BlackElo "2431"]
[Result "1-0"]
[Round "2"]
[TimeControl "180+2"]
[Date "2023.07.04"]
[WhiteClock "0:01:25"]
[BlackClock "0:00:22"]
[Board "97"]

1. d4 d5 2. Nc3 Nf6 3. Bf4 a6 4. e3 e6 5. g4 c5 6. g5 Nfd7 7. h4 Nc6 8. Nf3 cxd4 9. exd4 Qb6 10. a3 Be7 11. Bd3 O-O 12. Kf1 f6 13. Qd2 Qxb2 14. Kg2 Qb6 15. gxf6 Bxf6 16. Ng5 Nxd4 17. Bxh7+ Kh8 18. Qd1 g6 19. Bxg6 Kg7 20. Qh5 Rh8 21. Nh7 Nf8 22. Qh6+ 1-0


[Site "https://www.chess.com"]

[Event "Titled Tuesday Blitz July 4 Late 2023"]
[White "Haitin, Ilja"]
[Black "Grinev, Valeriy"]
[WhiteFideId "4501764"]
[BlackFideId "14117517"]
[WhiteElo "2322"]
[BlackElo "2602"]
[Result "1/2-1/2"]
[Round "2"]
[TimeControl "180+2"]
[Date "2023.07.04"]
[WhiteClock "0:00:33"]
[BlackClock "0:00:28"]
[Board "98"]

1. Nf3 d5 2. e3 Nf6 3. b3 c5 4. Bb2 Nc6 5. Bb5 Bd7 6. O-O g6 7. d3 Bg7 8. Nbd2 O-O 9. Qe2 Qb6 10. Bxc6 Bxc6 11. Ne5 Bb5 12. c4 Ba6 13. f4 Rac8 14. Rae1 e6 15. g4 Rfd8 16. g5 Nd7 17. Ndf3 Nxe5 18. Bxe5 dxc4 19. dxc4 Qa5 20. Bxg7 Kxg7 21. Qb2+ Kg8 22. Rf2 b6 23. Ne5 Qxe1+ 24. Kg2 Rd1 25. Ng4 Bb7+ 26. Kh3 Rcd8 27. Qf6 R8d7 28. b4 R1d3 29. Nh6+ Kf8 30. Qh8+ Ke7 31. Qf6+ Kd6 32. Qe5+ Ke7 33. Qf6+ Ke8 34. Qh8+ Ke7 35. Qf6+ 1/2-1/2


[Site "https://www.chess.com"]

[Event "Titled Tuesday Blitz July 4 Late 2023"]
[White "Pasti, Aron"]
[Black "De Prado Rodriguez, Oscar Bruno"]
[WhiteFideId "785857"]
[BlackFideId "2203600"]
[WhiteElo "2568"]
[BlackElo "2399"]
[Result "0-1"]
[Round "2"]
[TimeControl "180+2"]
[Date "2023.07.04"]
[WhiteClock "0:00:11"]
[BlackClock "0:00:34"]
[Board "99"]

1. e4 d5 2. exd5 Qxd5 3. Nc3 Qd6 4. Nf3 Nf6 5. Bc4 g6 6. O-O Bg7 7. Re1 O-O 8. d3 a6 9. g3 b5 10. Bf4 Qb6 11. Bb3 Bb7 12. Rxe7 Nbd7 13. Nd5 Nxd5 14. Bxd5 Bxd5 15. Rxd7 c6 16. Be3 Qb8 17. Bf4 Qc8 18. Rc7 Qh3 19. c4 bxc4 20. dxc4 Be4 21. Re7 Rfe8 22. Rxe8+ Rxe8 23. Qe2 Bxb2 24. Re1 Bg7 25. Qf1 Qh5 26. Ng5 f5 27. f3 Bd4+ 28. Kh1 h6 29. Nxe4 fxe4 30. Rxe4 Rxe4 31. fxe4 Qc5 32. Qd3 Kh7 33. Kg2 Bg1 34. Qf1 Bd4 35. e5 Bxe5 36. Bxe5 Qxe5 37. Qf7+ Qg7 38. Qxg7+ Kxg7 39. Kf3 Kf6 40. Kf4 g5+ 41. Kg4 Kg6 42. c5 h5+ 43. Kf3 Kf5 44. h3 g4+ 45. hxg4+ hxg4+ 46. Ke3 Ke5 47. a3 a5 48. a4 Kd5 49. Kf4 Kxc5 50. Kxg4 Kb4 51. Kf4 c5 52. g4 c4 53. g5 c3 54. Ke3 Kb3 55. g6 c2 56. Kd2 Kb2 57. g7 c1=Q+ 58. Kd3 Qg5 59. g8=Q Qxg8 0-1


[Site "https://www.chess.com"]

[Event "Titled Tuesday Blitz July 4 Late 2023"]
[White "Saucey, Michel"]
[Black "ATM622"]
[WhiteFideId "601845"]
[WhiteElo "2277"]
[BlackElo "2558"]
[Result "0-1"]
[Round "2"]
[TimeControl "180+2"]
[Date "2023.07.04"]
[WhiteClock "0:00:45"]
[BlackClock "0:01:16"]
[Board "100"]

1. d4 Nf6 2. Nf3 e6 3. c4 d5 4. Nc3 Be7 5. Bg5 O-O 6. e3 b6 7. Bxf6 Bxf6 8. cxd5 exd5 9. b4 Qd6 10. Qb3 c6 11. Be2 a5 12. b5 Be6 13. O-O c5 14. a4 Nd7 15. Rfc1 Rac8 16. Qd1 Rfd8 17. h3 c4 18. Ne1 Be7 19. Nc2 Nf6 20. Bf1 h6 21. g3 Qd7 22. Kh2 Bd6 23. Ne2 Ne4 24. Qe1 h5 25. Nf4 Ng5 26. Nxe6 Nf3+ 0-1


[Site "https://www.chess.com"]